Saguenéens vs Thunder
(R1)
Created - December 9, 2017 at 19:48
Goals
|
| Saguenéens |
1 |
2 |
2 |
5 |
| Thunder |
1 |
1 |
1 |
3 |
|
Shots
|
| Saguenéens |
9 |
11 |
11 |
31 |
| Thunder |
6 |
15 |
13 |
34 |
|
1st period
1. Thunder , Melker Karlsson 9 (Dany Roussin 14, Pierre-Alexandre Parenteau 18) at 3:38
2. Saguenéens , Mason Raymond 17 (Juraj Mikus 22) at 17:00
Penalties :
Daultan Leveillé (TRO) for Holding (Minor) at 7:58, Niklas Treutle (TRO) for Delaying the game (Minor) at 8:10 - Dany Roussin served the penalty, Nick Mattson (Chi) for Hooking (Minor) at 18:32
2nd period
3. Saguenéens , Henrik Samuelsson 3 (Craig Cunningham 7) at 5:07
4. Thunder , Jared Staal 1 (Brett Festerling 10, Ryan Nugent-Hopkins 13) at 9:08
5. Saguenéens , Juraj Mikus 10 (Mason Raymond 21) at 19:09
Penalties :
Patrick Sieloff (Chi) for Hooking (Minor) at 10:24, Tanner Richard (Chi) for Tripping (Minor) at 12:48
3rd period
6. Thunder , Mike Hoffman 3 (Gianluca Curcuruto 2, Ryan Nugent-Hopkins 14) at 6:55
7. Saguenéens , Jaden Schwartz 8 (Zac Rinaldo 26, Spencer Machacek 12) at 12:14
8. Saguenéens , Zac Rinaldo 8 (Jaden Schwartz 4, Spencer Machacek 13) at 15:44
Penalties :
Patrick Sieloff (Chi) for Goalie Interference (Minor) at 1:07, Jake McCabe (Chi) for Hooking (Minor) at 1:10, David Fischer (TRO) for Hooking (Minor) at 12:17
Goalie Stats
Mike Smith (Chi), 31 saves from 34 shots - (0.912), W, 17-5-0, 60:00 minutes
Niklas Treutle (TRO), 26 saves from 31 shots - (0.839), L, 0-4-0, 60:00 minutes
Players Stats for Saguenéens
Player Name G A P +/- PIM S H SB GA TA FO MP PP MP PK MP
------------------------------------------------------------------------------------
Artur Gavrus 0 0 0 0 0 0 0 0 0 0 0/0 0:00 0:00 0:00
Brody Sutter 0 0 0 1 0 0 0 0 0 0 0/0 1:57 0:00 1:18
Carl Hagelin 0 0 0 -2 0 2 2 0 1 0 1/1 12:52 0:00 0:00
Craig Cunningham 0 1 1 1 0 0 1 0 0 0 0/0 5:48 0:00 1:00
Henrik Samuelsson 1 0 1 1 0 3 0 0 0 0 2/2 4:53 0:00 0:00
Jaden Schwartz 1 1 2 1 0 5 0 0 0 1 10/11 26:21 2:04 4:47
Jake McCabe 0 0 0 0 2 1 4 1 0 0 0/0 27:39 2:28 3:37
Jerry D'Amigo 0 0 0 -2 0 1 0 0 0 0 0/0 13:05 0:04 0:00
Juraj Mikus 1 1 2 2 0 1 1 0 0 0 6/13 15:21 1:56 0:00
Kevin Marshall 0 0 0 -1 0 0 3 2 1 0 0/0 29:56 2:28 5:17
Mason Raymond 1 1 2 2 0 5 1 1 0 1 2/2 19:47 1:56 4:02
Mikhail Grigorenko 0 0 0 2 0 0 0 0 0 0 0/0 2:01 0:04 0:22
Nicholas Walters 0 0 0 -1 0 0 0 0 0 0 0/0 12:43 0:00 1:06
Nick Mattson 0 0 0 1 2 2 2 2 0 0 0/0 26:03 1:42 3:34
Patrick Sieloff 0 0 0 2 4 3 3 0 0 0 0/0 21:35 1:42 2:04
Rhett Rakhshani 0 0 0 2 0 2 2 0 0 1 0/0 15:21 1:56 0:00
Spencer Machacek 0 2 2 1 0 2 1 1 0 0 0/1 19:43 2:10 1:26
Tanner Richard 0 0 0 -2 2 1 3 0 0 0 3/5 12:57 0:00 0:00
Teemu Pulkkinen 0 0 0 1 0 1 0 0 0 0 0/0 2:15 0:10 0:00
Zac Rinaldo 1 1 2 1 0 2 2 1 0 0 14/25 19:43 2:10 1:26
Players Stats for Thunder
Player Name G A P +/- PIM S H SB GA TA FO MP PP MP PK MP
------------------------------------------------------------------------------------
Austin Wuthrich 0 0 0 -2 0 0 2 0 0 0 0/0 8:01 0:00 0:00
Brett Festerling 0 1 1 -1 0 3 2 2 2 0 0/0 25:18 2:55 2:18
Dalton Smith 0 0 0 0 0 0 0 0 0 0 0/0 0:19 0:19 0:00
Dany Roussin 0 1 1 -1 0 2 2 0 0 0 1/2 22:06 4:17 1:10
Daultan Leveillé 0 0 0 -1 2 3 1 0 0 0 5/15 15:49 3:42 0:00
David Fischer 0 0 0 -1 2 3 4 1 1 0 0/0 30:25 4:50 1:05
David Wolf 0 0 0 -2 0 1 0 0 0 0 0/0 8:01 0:00 0:00
Gianluca Curcuruto 0 1 1 2 0 1 3 0 0 0 0/0 10:12 0:14 0:12
Jared Staal 1 0 1 2 0 1 2 0 0 0 0/1 11:27 0:00 0:00
Joe Labate 0 0 0 -2 0 2 0 0 0 0 0/1 8:01 0:00 0:00
Joey Ryan 0 0 0 -1 0 3 3 0 0 1 0/0 30:28 4:50 2:22
Ludwig Bystrom 0 0 0 -3 0 1 4 4 0 0 0/0 22:43 2:55 2:11
Melker Karlsson 1 0 1 -1 0 2 1 1 0 0 9/27 20:59 4:17 0:37
Mike Hoffman 1 0 1 2 0 2 4 1 0 0 0/1 12:01 0:00 0:33
Nikolay Prokhorkin 0 0 0 0 0 0 0 0 0 0 0/0 0:00 0:00 0:00
Pierre-Alexandre Parente 0 1 1 -1 0 3 2 1 0 0 0/1 20:50 4:17 0:28
Ryan Nugent-Hopkins 0 2 2 2 0 3 1 1 0 0 5/9 13:02 0:14 1:09
Scott Parse 0 0 0 -1 0 3 1 0 0 0 2/2 17:21 3:42 1:22
Thomas Spelling 0 0 0 -1 0 1 0 0 0 1 0/0 15:31 3:23 0:00
Zach Stepan 0 0 0 0 0 0 0 0 0 0 0/1 1:27 0:00 1:26
3 Stars
1 - Mason Raymond (Chi)
2 - Juraj Mikus (Chi)
3 - Zac Rinaldo (Chi)
Power Play
Saguenéens - 0 on 3 Attempt(s) - 0.00%
Thunder - 0 on 5 Attempt(s) - 0.00%
Penalty Kill
Saguenéens - 5 on 5 Attempt(s) - 100.00%
- Score 0 goal in Penalty Kill
Thunder - 3 on 3 Attempt(s) - 100.00%
- Score 0 goal in Penalty Kill
Team Stat
Saguenéens - Hits : 25 - Faceoff Wins : 38 - Blocked Shots : 8 - Penalty Minutes : 10
Thunder - Hits : 32 - Faceoff Wins : 22 - Blocked Shots : 11 - Penalty Minutes : 6
Official
Referees : Kimmerly Greg and Meier Brad
Linesman : Andy McElman and Mark Shewchyk
Game Notes
No Game Note
Finance
Level 1 -- Attendance: 1410 (70.50%) -- Ticket Income $56,400
Level 2 -- Attendance: 759 (75.90%) -- Ticket Income $15,180
Total Attendance: 2169 (72.30%)
Total Ticket Income: $71,580
Other Income: $3,579
Total Income: $75,159
Saguenéens
5 vs 5 Forward
Center Left Wing Right Wing Time % Phy DF OF
1 Zac Rinaldo Jaden Schwartz Spencer Machacek 40 1 2 2
2 Juraj Mikus Mason Raymond Rhett Rakhshani 30 1 2 2
3 Tanner Richard Carl Hagelin Jerry D'Amigo 20 1 2 2
4 Henrik Samuelsson Craig Cunningham Jaden Schwartz 10 1 2 2
5 vs 5 Defense
Defense Defense Time % Phy DF OF
1 Kevin Marshall Jake McCabe 40 1 2 2
2 Nick Mattson Patrick Sieloff 30 1 2 2
3 Nicholas Walters Kevin Marshall 20 1 2 2
4 Jake McCabe Nick Mattson 10 1 2 2
PowerPlay Forward
Center Left Wing Right Wing Time % Phy DF OF
1 Zac Rinaldo Jaden Schwartz Spencer Machacek 60 1 2 2
2 Juraj Mikus Mason Raymond Rhett Rakhshani 40 1 2 2
PowerPlay Defense
Defense Defense Time % Phy DF OF
1 Kevin Marshall Jake McCabe 60 1 2 2
2 Nick Mattson Patrick Sieloff 40 1 2 2
Penalty Kill 4 Players Forward
Center Wing Time % Phy DF OF
1 Jaden Schwartz Mason Raymond 60 1 2 2
2 Zac Rinaldo Spencer Machacek 40 1 2 2
Penalty Kill 4 Players Defense
Defense Defense Time % Phy DF OF
1 Kevin Marshall Jake McCabe 60 1 2 2
2 Nick Mattson Patrick Sieloff 40 1 2 2
Penalty Kill - 3 Players Forward
Forward Time % Phy DF OF
1 Jaden Schwartz 60 1 2 2
2 Mason Raymond 40 1 2 2
Penalty Kill - 3 Players Defense
Defense Defense Time % Phy DF OF
1 Kevin Marshall Jake McCabe 60 1 2 2
2 Nick Mattson Patrick Sieloff 40 1 2 2
4 vs 4 Forward
Center Wing Time % Phy DF OF
1 Jaden Schwartz Mason Raymond 60 1 2 2
2 Zac Rinaldo Spencer Machacek 40 1 2 2
4 vs 4 Defense
Defense Defense Time % Phy DF OF
1 Kevin Marshall Jake McCabe 60 1 2 2
2 Nick Mattson Patrick Sieloff 40 1 2 2
Last Minutes Offensive
Center Left Wing Right Wing Defense Defense
Zac Rinaldo Jaden Schwartz Spencer Machacek Kevin Marshall Jake McCabe
Last Minutes Defensive
Center Left Wing Right Wing Defense Defense
Zac Rinaldo Jaden Schwartz Spencer Machacek Kevin Marshall Jake McCabe
Goaltenders
Starting : Mike Smith
Backup : Martin Jones
Extra Forwards
Normal : Teemu Pulkkinen, Mikhail Grigorenko, Brody Sutter - PP : Teemu Pulkkinen, Mikhail Grigorenko - PK : Brody Sutter
Extra Defensemen
Normal : Nicholas Walters, Patrick Sieloff, Kevin Marshall - PP : Nicholas Walters - PK : Patrick Sieloff, Kevin Marshall
Penalty Shots
Jaden Schwartz, Mason Raymond, Zac Rinaldo, Spencer Machacek, Juraj Mikus
Scratches
Brett Lebda (Broken Bone (Right Leg) Injury), Luke Witkowski (Right Eye Injury), Garret Sparks (Healthy)
Thunder
5 vs 5 Forward
Center Left Wing Right Wing Time % Phy DF OF
1 Melker Karlsson Dany Roussin Pierre-Alexandre Parentea40 1 2 2
2 Daultan Leveillé Scott Parse Thomas Spelling 30 1 2 2
3 Ryan Nugent-Hopkins Mike Hoffman Jared Staal 20 1 2 2
4 Joe Labate David Wolf Austin Wuthrich 10 1 2 2
5 vs 5 Defense
Defense Defense Time % Phy DF OF
1 David Fischer Joey Ryan 40 1 2 2
2 Brett Festerling Ludwig Bystrom 30 1 2 2
3 Gianluca Curcuruto David Fischer 20 1 2 2
4 Joey Ryan Brett Festerling 10 1 2 2
PowerPlay Forward
Center Left Wing Right Wing Time % Phy DF OF
1 Melker Karlsson Dany Roussin Pierre-Alexandre Parentea60 1 2 2
2 Daultan Leveillé Scott Parse Thomas Spelling 40 1 2 2
PowerPlay Defense
Defense Defense Time % Phy DF OF
1 David Fischer Joey Ryan 60 1 2 2
2 Brett Festerling Ludwig Bystrom 40 1 2 2
Penalty Kill 4 Players Forward
Center Wing Time % Phy DF OF
1 Dany Roussin Scott Parse 60 1 2 2
2 Pierre-Alexandre ParenteaMelker Karlsson 40 1 2 2
Penalty Kill 4 Players Defense
Defense Defense Time % Phy DF OF
1 David Fischer Joey Ryan 60 1 2 2
2 Brett Festerling Ludwig Bystrom 40 1 2 2
Penalty Kill - 3 Players Forward
Forward Time % Phy DF OF
1 Dany Roussin 60 1 2 2
2 Scott Parse 40 1 2 2
Penalty Kill - 3 Players Defense
Defense Defense Time % Phy DF OF
1 David Fischer Joey Ryan 60 1 2 2
2 Brett Festerling Ludwig Bystrom 40 1 2 2
4 vs 4 Forward
Center Wing Time % Phy DF OF
1 Dany Roussin Scott Parse 60 1 2 2
2 Pierre-Alexandre ParenteaMelker Karlsson 40 1 2 2
4 vs 4 Defense
Defense Defense Time % Phy DF OF
1 David Fischer Joey Ryan 60 1 2 2
2 Brett Festerling Ludwig Bystrom 40 1 2 2
Last Minutes Offensive
Center Left Wing Right Wing Defense Defense
Melker Karlsson Dany Roussin Pierre-Alexandre ParenteaDavid Fischer Joey Ryan
Last Minutes Defensive
Center Left Wing Right Wing Defense Defense
Melker Karlsson Dany Roussin Pierre-Alexandre ParenteaDavid Fischer Joey Ryan
Goaltenders
Starting : Niklas Treutle
Backup : Devan Dubnyk
Extra Forwards
Normal : Dalton Smith, Nikolay Prokhorkin, Zach Stepan - PP : Dalton Smith, Nikolay Prokhorkin - PK : Zach Stepan
Extra Defensemen
Normal : Gianluca Curcuruto, Ludwig Bystrom, David Fischer - PP : Gianluca Curcuruto - PK : Ludwig Bystrom, David Fischer
Penalty Shots
Dany Roussin, Scott Parse, Pierre-Alexandre Parenteau, Melker Karlsson, Daultan Leveillé
Scratches
Adam Hall (Sprained Left Knee Injury), Dougie Hamilton (Groin Injury), Peter Andersson (Back Injury)
% Time on Ice - Saguenéens
Lines # - Real PCT - Wanted PCT - Time Play
Normal Forward
1 - 35% - 40% - 16:32
2 - 29% - 30% - 13:39
3 - 27% - 20% - 12:52
4 - 10% - 10% - 4:48
Normal Defense
1 - 37% - 40% - 17:37
2 - 32% - 30% - 15:15
3 - 20% - 20% - 9:46
4 - 11% - 10% - 5:13
PP Forward
1 - 52% - 60% - 2:10
2 - 48% - 40% - 2:00
PP Defense
1 - 59% - 60% - 2:28
2 - 41% - 40% - 1:42
PK Forward
1 - 75% - 60% - 4:34
2 - 25% - 40% - 1:29
PK Defense
1 - 52% - 60% - 3:07
2 - 48% - 40% - 2:56
PK3 Forward
1 - 78% - 60% - 1:31
2 - 22% - 40% - 0:25
PK3 Defense
1 - 100% - 60% - 1:56
2 - 0% - 40% - 0:00
44 Forward
1 - 0% - 60%
2 - 0% - 40%
44 Defense
1 - 0% - 60%
2 - 0% - 40%
Last Minute Offensive - 0:00
Last Minute Defensive - 0:00
Total
Forward - 60:00
Defense - 60:00
|
% Time on Ice - Thunder
Lines # - Real PCT - Wanted PCT - Time Play
Normal Forward
1 - 34% - 40% - 16:15
2 - 25% - 30% - 12:08
3 - 24% - 20% - 11:27
4 - 17% - 10% - 8:01
Normal Defense
1 - 37% - 40% - 17:54
2 - 34% - 30% - 16:16
3 - 19% - 20% - 9:17
4 - 9% - 10% - 4:24
PP Forward
1 - 54% - 60% - 4:17
2 - 46% - 40% - 3:42
PP Defense
1 - 63% - 60% - 5:04
2 - 37% - 40% - 2:55
PK Forward
1 - 80% - 60% - 1:55
2 - 20% - 40% - 0:28
PK Defense
1 - 92% - 60% - 2:11
2 - 8% - 40% - 0:12
PK3 Forward
1 - 100% - 60% - 1:47
2 - 0% - 40% - 0:00
PK3 Defense
1 - 61% - 60% - 1:05
2 - 39% - 40% - 0:42
44 Forward
1 - 0% - 60%
2 - 0% - 40%
44 Defense
1 - 0% - 60%
2 - 0% - 40%
Last Minute Offensive - 0:00
Last Minute Defensive - 0:00
Total
Forward - 60:00
Defense - 60:00
|
Play by Play
1st period
0:01 of 1st period - Melker Karlsson wins face-off versus Zac Rinaldo in neutral zone.
0:16 of 1st period - Snap shot by Dany Roussin.
0:16 of 1st period - Shot Blocked by Spencer Machacek.
0:53 of 1st period - Wrist shot by Tanner Richard.
0:53 of 1st period - Stopped by Niklas Treutle with a rebound.
0:55 of 1st period - Slapshot by Jake McCabe.
0:55 of 1st period - Shot Misses the Net.
0:57 of 1st period - Wrist shot by Tanner Richard.
0:57 of 1st period - Shot Blocked by Mike Hoffman.
1:07 of 1st period - Snap shot by Mike Hoffman.
1:07 of 1st period - Shot Blocked by Nick Mattson.
1:09 of 1st period - Wrist shot by Joe Labate.
1:09 of 1st period - Shot Misses the Net.
1:11 of 1st period - Snap shot by Joe Labate.
1:11 of 1st period - Shot Misses the Net.
1:13 of 1st period - Backhand shot by Ludwig Bystrom.
1:13 of 1st period - Stopped by Mike Smith with a rebound.
1:15 of 1st period - Slapshot by Brett Festerling.
1:15 of 1st period - Stopped by Mike Smith with a rebound.
3:29 of 1st period - Nick Mattson is hit by Pierre-Alexandre Parenteau and loses puck.
3:38 of 1st period - Wrist shot by Dany Roussin.
3:38 of 1st period - Deflect By Melker Karlsson.
3:38 of 1st period - Goal by Melker Karlsson - Saguenéens : 0 - Thunder : 1.
3:39 of 1st period - Scott Parse wins face-off versus Juraj Mikus in neutral zone.
3:54 of 1st period - Snap shot by Daultan Leveillé.
3:54 of 1st period - Stopped by Mike Smith with a rebound.
5:02 of 1st period - Brett Festerling is hit by Kevin Marshall and loses puck.
5:10 of 1st period - Off-side.
5:11 of 1st period - Zac Rinaldo wins face-off versus Daultan Leveillé in neutral zone.
6:21 of 1st period - Wrist shot by Daultan Leveillé.
6:21 of 1st period - Shot Misses the Net.
6:23 of 1st period - Snap shot by Scott Parse.
6:23 of 1st period - Stopped by Mike Smith without a rebound.
6:24 of 1st period - Juraj Mikus wins face-off versus Melker Karlsson in Saguenéens zone.
6:24 of 1st period - Juraj Mikus is hit by Gianluca Curcuruto.
6:56 of 1st period - Slapshot by Spencer Machacek.
6:56 of 1st period - Shot Misses the Net.
6:58 of 1st period - Slapshot by Nick Mattson.
6:58 of 1st period - Stopped by Niklas Treutle with a rebound.
7:00 of 1st period - Slapshot by Patrick Sieloff.
7:00 of 1st period - Stopped by Niklas Treutle with a rebound.
7:02 of 1st period - Backhand shot by Nick Mattson.
7:02 of 1st period - Stopped by Niklas Treutle with a rebound.
7:14 of 1st period - Icing by Carl Hagelin.
7:15 of 1st period - Tanner Richard wins face-off versus Ryan Nugent-Hopkins in Saguenéens zone.
7:15 of 1st period - Tanner Richard is hit by Mike Hoffman.
7:23 of 1st period - David Fischer is hit by Tanner Richard and loses puck.
7:58 of 1st period - Minor Penalty to Daultan Leveillé for Holding.
7:59 of 1st period - Scott Parse wins face-off versus Zac Rinaldo in Thunder zone.
8:10 of 1st period - Snap shot by Jaden Schwartz.
8:10 of 1st period - Stopped by Niklas Treutle without a rebound.
8:10 of 1st period - Minor Penalty to Niklas Treutle for Delaying the game.
8:11 of 1st period - Jaden Schwartz wins face-off versus Zach Stepan in Thunder zone.
8:44 of 1st period - Joey Ryan is hit by Rhett Rakhshani and loses puck.
9:58 of 1st period - Penalty to Daultan Leveillé is over, Daultan Leveillé is back on ice.
10:09 of 1st period - Brett Festerling is hit by Jake McCabe and loses puck.
10:10 of 1st period - Penalty to Dany Roussin is over, Dany Roussin is back on ice.
10:18 of 1st period - Slapshot by Teemu Pulkkinen.
10:18 of 1st period - Stopped by Niklas Treutle without a rebound.
10:19 of 1st period - Carl Hagelin wins face-off versus Melker Karlsson in Thunder zone.
10:20 of 1st period - Snap shot by Jerry D'Amigo.
10:20 of 1st period - Stopped by Niklas Treutle with a rebound.
10:30 of 1st period - Patrick Sieloff is hit by Gianluca Curcuruto and loses puck.
11:41 of 1st period - Snap shot by Tanner Richard.
11:41 of 1st period - Shot Misses the Net.
11:43 of 1st period - Slapshot by Nicholas Walters.
11:43 of 1st period - Deflect By Carl Hagelin.
11:43 of 1st period - Shot Misses the Net.
11:43 of 1st period - Puck is out of play.
11:44 of 1st period - Daultan Leveillé wins face-off versus Juraj Mikus in Thunder zone.
12:01 of 1st period - Daultan Leveillé is hit by Juraj Mikus and loses puck.
12:14 of 1st period - Nick Mattson is hit by David Fischer and loses puck.
12:23 of 1st period - Snap shot by Dany Roussin.
12:23 of 1st period - Stopped by Mike Smith without a rebound.
12:24 of 1st period - Ryan Nugent-Hopkins wins face-off versus Zac Rinaldo in Saguenéens zone.
12:54 of 1st period - Nick Mattson is hit by Dany Roussin and loses puck.
13:39 of 1st period - Spencer Machacek is hit by Ludwig Bystrom and loses puck.
13:48 of 1st period - Spencer Machacek is hit by Austin Wuthrich and loses puck.
14:17 of 1st period - Joey Ryan is hit by Kevin Marshall and loses puck.
14:55 of 1st period - Off-side.
14:56 of 1st period - Ryan Nugent-Hopkins wins face-off versus Juraj Mikus in neutral zone.
14:59 of 1st period - Patrick Sieloff is hit by Mike Hoffman and loses puck.
15:29 of 1st period - Ludwig Bystrom is hit by Nick Mattson and loses puck.
15:40 of 1st period - Nick Mattson is hit by Brett Festerling and loses puck.
16:13 of 1st period - Backhand shot by Mason Raymond.
16:13 of 1st period - Stopped by Niklas Treutle with a rebound.
16:28 of 1st period - Off-side.
16:29 of 1st period - Jaden Schwartz wins face-off versus Ryan Nugent-Hopkins in neutral zone.
16:46 of 1st period - Wrist shot by Jaden Schwartz.
16:46 of 1st period - Shot Misses the Net.
16:52 of 1st period - Wrist shot by Spencer Machacek.
16:52 of 1st period - Shot Misses the Net.
16:54 of 1st period - Slapshot by Spencer Machacek.
16:54 of 1st period - Deflect By Jaden Schwartz.
16:54 of 1st period - Shot Misses the Net.
16:54 of 1st period - Puck is out of play.
16:55 of 1st period - Juraj Mikus wins face-off versus Melker Karlsson in Thunder zone.
17:00 of 1st period - Slapshot by Mason Raymond.
17:00 of 1st period - Goal by Mason Raymond - Saguenéens : 1 - Thunder : 1.
17:01 of 1st period - Melker Karlsson wins face-off versus Zac Rinaldo in neutral zone.
17:49 of 1st period - Wrist shot by Melker Karlsson.
17:49 of 1st period - Shot Misses the Net.
17:51 of 1st period - Slapshot by Dany Roussin.
17:51 of 1st period - Deflect By Pierre-Alexandre Parenteau.
17:51 of 1st period - Shot Misses the Net.
17:51 of 1st period - Puck is out of play.
17:52 of 1st period - Juraj Mikus wins face-off versus Daultan Leveillé in Saguenéens zone.
18:32 of 1st period - Minor Penalty to Nick Mattson for Hooking.
18:33 of 1st period - Jaden Schwartz wins face-off versus Melker Karlsson in Saguenéens zone.
18:50 of 1st period - Joey Ryan is hit by Mason Raymond and loses puck.
19:05 of 1st period - Slapshot by Joey Ryan.
19:05 of 1st period - Shot Misses the Net.
19:07 of 1st period - Wrist shot by David Fischer.
19:07 of 1st period - Shot Misses the Net.
19:09 of 1st period - Snap shot by Scott Parse.
19:09 of 1st period - Deflect By Daultan Leveillé.
19:09 of 1st period - Shot Misses the Net.
19:09 of 1st period - Puck is out of play.
19:10 of 1st period - Jaden Schwartz wins face-off versus Melker Karlsson in Saguenéens zone.
Goals for this period are 1 for Saguenéens vs 1 for Thunder.
Shots for this period are 9 for Saguenéens vs 6 for Thunder.
2nd period
0:01 of 2nd period - Jaden Schwartz wins face-off versus Melker Karlsson in neutral zone.
0:32 of 2nd period - Penalty to Nick Mattson is over, Nick Mattson is back on ice.
0:41 of 2nd period - Snap shot by Thomas Spelling.
0:41 of 2nd period - Stopped by Mike Smith without a rebound.
0:42 of 2nd period - Ryan Nugent-Hopkins wins face-off versus Tanner Richard in Saguenéens zone.
0:43 of 2nd period - Slapshot by Mike Hoffman.
0:43 of 2nd period - Shot Misses the Net.
0:51 of 2nd period - Slapshot by Jerry D'Amigo.
0:51 of 2nd period - Shot Blocked by Ludwig Bystrom.
0:53 of 2nd period - Slapshot by Patrick Sieloff.
0:53 of 2nd period - Stopped by Niklas Treutle with a rebound.
0:55 of 2nd period - Snap shot by Patrick Sieloff.
0:55 of 2nd period - Stopped by Niklas Treutle with a rebound.
1:07 of 2nd period - Pierre-Alexandre Parenteau is hit by Spencer Machacek and loses puck.
1:42 of 2nd period - Snap shot by Joey Ryan.
1:42 of 2nd period - Shot Blocked by Kevin Marshall.
1:58 of 2nd period - Kevin Marshall is hit by Joey Ryan and loses puck.
2:11 of 2nd period - Snap shot by Ryan Nugent-Hopkins.
2:11 of 2nd period - Deflect By Mike Hoffman.
2:11 of 2nd period - Stopped by Mike Smith with a rebound.
3:05 of 2nd period - Jake McCabe is hit by David Fischer.
3:11 of 2nd period - Scott Parse is hit by Jake McCabe.
3:25 of 2nd period - Ludwig Bystrom is hit by Jake McCabe and loses puck.
3:36 of 2nd period - Juraj Mikus is hit by Austin Wuthrich and loses puck.
4:35 of 2nd period - Henrik Samuelsson is hit by Dany Roussin and loses puck.
4:48 of 2nd period - Craig Cunningham is hit by Gianluca Curcuruto and loses puck.
5:01 of 2nd period - Snap shot by Henrik Samuelsson.
5:01 of 2nd period - Stopped by Niklas Treutle with a rebound.
5:03 of 2nd period - Snap shot by Henrik Samuelsson.
5:03 of 2nd period - Shot Misses the Net.
5:05 of 2nd period - Slapshot by Henrik Samuelsson.
5:05 of 2nd period - Shot Blocked by David Fischer.
5:07 of 2nd period - Snap shot by Henrik Samuelsson.
5:07 of 2nd period - Goal by Henrik Samuelsson - Saguenéens : 2 - Thunder : 1.
5:08 of 2nd period - Melker Karlsson wins face-off versus Zac Rinaldo in neutral zone.
5:34 of 2nd period - Mason Raymond is hit by David Fischer.
5:42 of 2nd period - Wrist shot by Mason Raymond.
5:42 of 2nd period - Stopped by Niklas Treutle with a rebound.
6:22 of 2nd period - Snap shot by Brett Festerling.
6:22 of 2nd period - Shot Misses the Net.
6:24 of 2nd period - Slapshot by Brett Festerling.
6:24 of 2nd period - Stopped by Mike Smith without a rebound.
6:25 of 2nd period - Zac Rinaldo wins face-off versus Melker Karlsson in Saguenéens zone.
6:34 of 2nd period - Wrist shot by Jaden Schwartz.
6:34 of 2nd period - Stopped by Niklas Treutle without a rebound.
6:35 of 2nd period - Jaden Schwartz wins face-off versus Pierre-Alexandre Parenteau in Thunder zone.
6:46 of 2nd period - Snap shot by Pierre-Alexandre Parenteau.
6:46 of 2nd period - Shot Blocked by Zac Rinaldo.
7:12 of 2nd period - Snap shot by Melker Karlsson.
7:12 of 2nd period - Stopped by Mike Smith without a rebound.
7:13 of 2nd period - Daultan Leveillé wins face-off versus Juraj Mikus in Saguenéens zone.
7:16 of 2nd period - Slapshot by Scott Parse.
7:16 of 2nd period - Shot Misses the Net.
7:38 of 2nd period - Patrick Sieloff is hit by Ryan Nugent-Hopkins and loses puck.
8:01 of 2nd period - David Fischer is hit by Jake McCabe and loses puck.
8:08 of 2nd period - Slapshot by David Fischer.
8:08 of 2nd period - Shot Misses the Net.
8:10 of 2nd period - Snap shot by David Fischer.
8:10 of 2nd period - Stopped by Mike Smith without a rebound.
8:11 of 2nd period - Melker Karlsson wins face-off versus Juraj Mikus in Saguenéens zone.
8:36 of 2nd period - Thomas Spelling is hit by Patrick Sieloff and loses puck.
9:06 of 2nd period - Wrist shot by Ryan Nugent-Hopkins.
9:06 of 2nd period - Shot Misses the Net.
9:08 of 2nd period - Slapshot by Brett Festerling.
9:08 of 2nd period - Deflect By Jared Staal.
9:08 of 2nd period - Goal by Jared Staal - Saguenéens : 2 - Thunder : 2.
9:09 of 2nd period - Zac Rinaldo wins face-off versus Melker Karlsson in neutral zone.
9:16 of 2nd period - Snap shot by Kevin Marshall.
9:16 of 2nd period - Deflect By Jaden Schwartz.
9:16 of 2nd period - Shot Misses the Net.
9:16 of 2nd period - Puck is out of play.
9:17 of 2nd period - Melker Karlsson wins face-off versus Zac Rinaldo in Thunder zone.
9:53 of 2nd period - Wrist shot by Rhett Rakhshani.
9:53 of 2nd period - Stopped by Niklas Treutle with a rebound.
10:03 of 2nd period - Slapshot by Joey Ryan.
10:03 of 2nd period - Shot Misses the Net.
10:05 of 2nd period - Slapshot by Joey Ryan.
10:05 of 2nd period - Stopped by Mike Smith with a rebound.
10:07 of 2nd period - Slapshot by Joey Ryan.
10:07 of 2nd period - Shot Misses the Net.
10:09 of 2nd period - Wrist shot by David Fischer.
10:09 of 2nd period - Stopped by Mike Smith with a rebound.
10:11 of 2nd period - Slapshot by Joey Ryan.
10:11 of 2nd period - Deflect By Nick Mattson.
10:11 of 2nd period - Stopped by Mike Smith without a rebound.
10:12 of 2nd period - Melker Karlsson wins face-off versus Zac Rinaldo in Saguenéens zone.
10:21 of 2nd period - Wrist shot by Pierre-Alexandre Parenteau.
10:21 of 2nd period - Stopped by Mike Smith without a rebound.
10:22 of 2nd period - Zac Rinaldo wins face-off versus Melker Karlsson in Saguenéens zone.
10:24 of 2nd period - Minor Penalty to Patrick Sieloff for Hooking.
10:25 of 2nd period - Mason Raymond wins face-off versus Melker Karlsson in Saguenéens zone.
12:24 of 2nd period - Penalty to Patrick Sieloff is over, Patrick Sieloff is back on ice.
12:34 of 2nd period - Wrist shot by Carl Hagelin.
12:34 of 2nd period - Stopped by Niklas Treutle with a rebound.
12:39 of 2nd period - David Fischer is hit by Carl Hagelin and loses puck.
12:48 of 2nd period - Minor Penalty to Tanner Richard for Tripping.
12:49 of 2nd period - Jaden Schwartz wins face-off versus Daultan Leveillé in Saguenéens zone.
12:49 of 2nd period - Jaden Schwartz is hit by Daultan Leveillé.
13:15 of 2nd period - Jaden Schwartz is hit by Ludwig Bystrom and loses puck.
14:35 of 2nd period - Daultan Leveillé is hit by Nick Mattson and loses puck.
14:48 of 2nd period - Penalty to Tanner Richard is over, Tanner Richard is back on ice.
14:48 of 2nd period - Kevin Marshall is hit by Brett Festerling and loses puck.
15:01 of 2nd period - Snap shot by Carl Hagelin.
15:01 of 2nd period - Shot Misses the Net.
15:03 of 2nd period - Snap shot by Tanner Richard.
15:03 of 2nd period - Deflect By Carl Hagelin.
15:03 of 2nd period - Stopped by Niklas Treutle with a rebound.
15:05 of 2nd period - Snap shot by Jerry D'Amigo.
15:05 of 2nd period - Deflect By Carl Hagelin.
15:05 of 2nd period - Shot Blocked by Ludwig Bystrom.
15:05 of 2nd period - Puck is out of play.
15:06 of 2nd period - Tanner Richard wins face-off versus Jared Staal in Thunder zone.
15:23 of 2nd period - Patrick Sieloff is hit by Jared Staal and loses puck.
15:41 of 2nd period - Joe Labate is hit by Zac Rinaldo and loses puck.
15:57 of 2nd period - Mason Raymond is hit by Pierre-Alexandre Parenteau and loses puck.
16:10 of 2nd period - Thomas Spelling is hit by Patrick Sieloff and loses puck.
16:17 of 2nd period - Jaden Schwartz is hit by Scott Parse and loses puck.
16:35 of 2nd period - Jerry D'Amigo is hit by Mike Hoffman and loses puck.
16:52 of 2nd period - Slapshot by Spencer Machacek.
16:52 of 2nd period - Shot Misses the Net.
16:58 of 2nd period - Snap shot by Ludwig Bystrom.
16:58 of 2nd period - Deflect By Joe Labate.
16:58 of 2nd period - Stopped by Mike Smith with a rebound.
17:00 of 2nd period - Slapshot by Brett Festerling.
17:00 of 2nd period - Stopped by Mike Smith with a rebound.
17:45 of 2nd period - Nick Mattson is hit by Jared Staal and loses puck.
18:08 of 2nd period - Slapshot by Joe Labate.
18:08 of 2nd period - Stopped by Mike Smith with a rebound.
18:10 of 2nd period - Wrist shot by David Wolf.
18:10 of 2nd period - Stopped by Mike Smith with a rebound.
18:20 of 2nd period - Wrist shot by Tanner Richard.
18:20 of 2nd period - Shot Blocked by Pierre-Alexandre Parenteau.
18:28 of 2nd period - Snap shot by Mason Raymond.
18:28 of 2nd period - Stopped by Niklas Treutle with a rebound.
18:40 of 2nd period - Gianluca Curcuruto is hit by Zac Rinaldo and loses puck.
19:03 of 2nd period - Icing by Mike Hoffman.
19:04 of 2nd period - Juraj Mikus wins face-off versus Joe Labate in Thunder zone.
19:09 of 2nd period - Slapshot by Juraj Mikus.
19:09 of 2nd period - Goal by Juraj Mikus - Saguenéens : 3 - Thunder : 2.
19:10 of 2nd period - Zac Rinaldo wins face-off versus Melker Karlsson in neutral zone.
19:13 of 2nd period - Melker Karlsson is hit by Kevin Marshall and loses puck.
19:20 of 2nd period - Snap shot by Pierre-Alexandre Parenteau.
19:20 of 2nd period - Stopped by Mike Smith without a rebound.
19:21 of 2nd period - Zac Rinaldo wins face-off versus Melker Karlsson in Saguenéens zone.
Goals for this period are 2 for Saguenéens vs 1 for Thunder.
Shots for this period are 11 for Saguenéens vs 15 for Thunder.
3rd period
0:01 of 3rd period - Zac Rinaldo wins face-off versus Melker Karlsson in neutral zone.
0:04 of 3rd period - Snap shot by Spencer Machacek.
0:04 of 3rd period - Stopped by Niklas Treutle with a rebound.
0:10 of 3rd period - Wrist shot by Zac Rinaldo.
0:10 of 3rd period - Stopped by Niklas Treutle with a rebound.
0:56 of 3rd period - Slapshot by Dany Roussin.
0:56 of 3rd period - Shot Misses the Net.
0:58 of 3rd period - Snap shot by Dany Roussin.
0:58 of 3rd period - Deflect By Melker Karlsson.
0:58 of 3rd period - Shot Blocked by Jake McCabe.
0:58 of 3rd period - Puck is out of play.
0:59 of 3rd period - Daultan Leveillé wins face-off versus Spencer Machacek in Saguenéens zone.
1:02 of 3rd period - Snap shot by Daultan Leveillé.
1:02 of 3rd period - Deflect By Jaden Schwartz.
1:02 of 3rd period - Stopped by Mike Smith without a rebound.
1:03 of 3rd period - Daultan Leveillé wins face-off versus Zac Rinaldo in Saguenéens zone.
1:06 of 3rd period - Slapshot by Scott Parse.
1:06 of 3rd period - Stopped by Mike Smith without a rebound.
1:07 of 3rd period - Zac Rinaldo wins face-off versus Daultan Leveillé in Saguenéens zone.
1:07 of 3rd period - Minor Penalty to Patrick Sieloff for Goalie Interference.
1:08 of 3rd period - Jaden Schwartz wins face-off versus Melker Karlsson in Saguenéens zone.
1:10 of 3rd period - Minor Penalty to Jake McCabe for Hooking.
1:11 of 3rd period - Melker Karlsson wins face-off versus Jaden Schwartz in Saguenéens zone.
1:27 of 3rd period - Snap shot by Dany Roussin.
1:27 of 3rd period - Stopped by Mike Smith without a rebound.
1:28 of 3rd period - Jaden Schwartz wins face-off versus Daultan Leveillé in Saguenéens zone.
2:35 of 3rd period - Slapshot by Nick Mattson.
2:35 of 3rd period - Deflect By Brody Sutter.
2:35 of 3rd period - Shot Misses the Net.
2:35 of 3rd period - Puck is out of play.
2:36 of 3rd period - Jaden Schwartz wins face-off versus Daultan Leveillé in Thunder zone.
2:48 of 3rd period - Slapshot by Joey Ryan.
2:48 of 3rd period - Shot Misses the Net.
2:57 of 3rd period - Off-side.
2:58 of 3rd period - Mason Raymond wins face-off versus Daultan Leveillé in neutral zone.
3:07 of 3rd period - Penalty to Patrick Sieloff is over, Patrick Sieloff is back on ice.
3:08 of 3rd period - Wrist shot by Scott Parse.
3:08 of 3rd period - Shot Misses the Net.
3:10 of 3rd period - Penalty to Jake McCabe is over, Jake McCabe is back on ice.
3:10 of 3rd period - Slapshot by David Fischer.
3:10 of 3rd period - Shot Blocked by Kevin Marshall.
4:16 of 3rd period - Snap shot by David Wolf.
4:16 of 3rd period - Shot Misses the Net.
4:23 of 3rd period - Icing by Jaden Schwartz.
4:24 of 3rd period - Tanner Richard wins face-off versus Daultan Leveillé in Saguenéens zone.
5:51 of 3rd period - Icing by Patrick Sieloff.
5:52 of 3rd period - Daultan Leveillé wins face-off versus Tanner Richard in Saguenéens zone.
6:01 of 3rd period - Backhand shot by Daultan Leveillé.
6:01 of 3rd period - Stopped by Mike Smith without a rebound.
6:02 of 3rd period - Zac Rinaldo wins face-off versus Melker Karlsson in Saguenéens zone.
6:15 of 3rd period - Snap shot by Spencer Machacek.
6:15 of 3rd period - Stopped by Niklas Treutle with a rebound.
6:29 of 3rd period - Thomas Spelling is hit by Rhett Rakhshani.
6:51 of 3rd period - Snap shot by Ryan Nugent-Hopkins.
6:51 of 3rd period - Shot Misses the Net.
6:53 of 3rd period - Snap shot by Gianluca Curcuruto.
6:53 of 3rd period - Shot Misses the Net.
6:55 of 3rd period - Snap shot by Mike Hoffman.
6:55 of 3rd period - Goal by Mike Hoffman - Saguenéens : 3 - Thunder : 3.
6:56 of 3rd period - Zac Rinaldo wins face-off versus Melker Karlsson in neutral zone.
6:56 of 3rd period - Zac Rinaldo is hit by David Fischer.
7:30 of 3rd period - Wrist shot by Scott Parse.
7:30 of 3rd period - Stopped by Mike Smith without a rebound.
7:31 of 3rd period - Zac Rinaldo wins face-off versus Daultan Leveillé in Saguenéens zone.
8:07 of 3rd period - Rhett Rakhshani is hit by Joey Ryan.
9:01 of 3rd period - Snap shot by David Wolf.
9:01 of 3rd period - Shot Misses the Net.
9:03 of 3rd period - Wrist shot by David Fischer.
9:03 of 3rd period - Shot Blocked by Mason Raymond.
9:05 of 3rd period - Slapshot by Joey Ryan.
9:05 of 3rd period - Deflect By Joe Labate.
9:05 of 3rd period - Shot Blocked by Nick Mattson.
9:05 of 3rd period - Puck is out of play.
9:06 of 3rd period - Melker Karlsson wins face-off versus Zac Rinaldo in Saguenéens zone.
9:07 of 3rd period - Slapshot by Pierre-Alexandre Parenteau.
9:07 of 3rd period - Stopped by Mike Smith without a rebound.
9:08 of 3rd period - Zac Rinaldo wins face-off versus Dany Roussin in Saguenéens zone.
9:08 of 3rd period - Zac Rinaldo is hit by Ludwig Bystrom.
9:42 of 3rd period - Snap shot by Scott Parse.
9:42 of 3rd period - Deflect By Thomas Spelling.
9:42 of 3rd period - Shot Misses the Net.
9:42 of 3rd period - Puck is out of play.
9:43 of 3rd period - Juraj Mikus wins face-off versus Daultan Leveillé in Saguenéens zone.
9:54 of 3rd period - Rhett Rakhshani is hit by Joey Ryan and loses puck.
10:48 of 3rd period - Kevin Marshall is hit by Ludwig Bystrom and loses puck.
11:25 of 3rd period - Snap shot by Dany Roussin.
11:25 of 3rd period - Shot Misses the Net.
12:12 of 3rd period - Wrist shot by Jaden Schwartz.
12:12 of 3rd period - Stopped by Niklas Treutle with a rebound.
12:14 of 3rd period - Wrist shot by Zac Rinaldo.
12:14 of 3rd period - Deflect By Jaden Schwartz.
12:14 of 3rd period - Goal by Jaden Schwartz - Saguenéens : 4 - Thunder : 3.
12:15 of 3rd period - Melker Karlsson wins face-off versus Juraj Mikus in neutral zone.
12:17 of 3rd period - Minor Penalty to David Fischer for Hooking.
12:18 of 3rd period - Dany Roussin wins face-off versus Juraj Mikus in Thunder zone.
12:32 of 3rd period - Wrist shot by Rhett Rakhshani.
12:32 of 3rd period - Stopped by Niklas Treutle with a rebound.
12:34 of 3rd period - Slapshot by Jake McCabe.
12:34 of 3rd period - Shot Blocked by Ludwig Bystrom.
13:19 of 3rd period - Nick Mattson is hit by Mike Hoffman and loses puck.
14:17 of 3rd period - Penalty to David Fischer is over, David Fischer is back on ice.
14:30 of 3rd period - Austin Wuthrich is hit by Patrick Sieloff and loses puck.
14:52 of 3rd period - Jared Staal is hit by Craig Cunningham and loses puck.
15:18 of 3rd period - Pierre-Alexandre Parenteau is hit by Carl Hagelin and loses puck.
15:34 of 3rd period - Icing by Brett Festerling.
15:35 of 3rd period - Zac Rinaldo wins face-off versus Melker Karlsson in Thunder zone.
15:40 of 3rd period - Snap shot by Spencer Machacek.
15:40 of 3rd period - Deflect By Jaden Schwartz.
15:40 of 3rd period - Stopped by Niklas Treutle with a rebound.
15:42 of 3rd period - Slapshot by Jaden Schwartz.
15:42 of 3rd period - Shot Misses the Net.
15:44 of 3rd period - Wrist shot by Zac Rinaldo.
15:44 of 3rd period - Goal by Zac Rinaldo - Saguenéens : 5 - Thunder : 3.
15:45 of 3rd period - Henrik Samuelsson wins face-off versus Ryan Nugent-Hopkins in neutral zone.
15:48 of 3rd period - Snap shot by Henrik Samuelsson.
15:48 of 3rd period - Stopped by Niklas Treutle without a rebound.
15:49 of 3rd period - Henrik Samuelsson wins face-off versus Ryan Nugent-Hopkins in Thunder zone.
15:56 of 3rd period - Snap shot by Craig Cunningham.
15:56 of 3rd period - Shot Blocked by Ryan Nugent-Hopkins.
15:58 of 3rd period - Slapshot by Jake McCabe.
15:58 of 3rd period - Stopped by Niklas Treutle without a rebound.
15:59 of 3rd period - Ryan Nugent-Hopkins wins face-off versus Zac Rinaldo in Thunder zone.
16:10 of 3rd period - Snap shot by Ryan Nugent-Hopkins.
16:10 of 3rd period - Stopped by Mike Smith with a rebound.
16:12 of 3rd period - Snap shot by Mike Hoffman.
16:12 of 3rd period - Shot Misses the Net.
16:14 of 3rd period - Wrist shot by David Fischer.
16:14 of 3rd period - Stopped by Mike Smith without a rebound.
16:15 of 3rd period - Juraj Mikus wins face-off versus Melker Karlsson in Saguenéens zone.
16:15 of 3rd period - Juraj Mikus is hit by Melker Karlsson.
16:25 of 3rd period - Wrist shot by Mason Raymond.
16:25 of 3rd period - Stopped by Niklas Treutle with a rebound.
17:05 of 3rd period - Snap shot by Jaden Schwartz.
17:05 of 3rd period - Shot Blocked by Brett Festerling.
17:25 of 3rd period - Slapshot by Nick Mattson.
17:25 of 3rd period - Shot Blocked by Brett Festerling.
17:27 of 3rd period - Slapshot by Nick Mattson.
17:27 of 3rd period - Shot Blocked by Ludwig Bystrom.
17:29 of 3rd period - Wrist shot by Jerry D'Amigo.
17:29 of 3rd period - Shot Blocked by Melker Karlsson.
18:37 of 3rd period - Dany Roussin is hit by Tanner Richard.
18:46 of 3rd period - Joey Ryan is hit by Tanner Richard and loses puck.
19:21 of 3rd period - Wrist shot by Ryan Nugent-Hopkins.
19:21 of 3rd period - Stopped by Mike Smith with a rebound.
19:23 of 3rd period - Slapshot by Gianluca Curcuruto.
19:23 of 3rd period - Stopped by Mike Smith with a rebound.
19:25 of 3rd period - Snap shot by Joey Ryan.
19:25 of 3rd period - Stopped by Mike Smith without a rebound.
19:26 of 3rd period - Ryan Nugent-Hopkins wins face-off versus Zac Rinaldo in Saguenéens zone.
19:33 of 3rd period - Wrist shot by Mike Hoffman.
19:33 of 3rd period - Deflect By Jared Staal.
19:33 of 3rd period - Shot Misses the Net.
19:33 of 3rd period - Puck is out of play.
19:34 of 3rd period - Zac Rinaldo wins face-off versus Mike Hoffman in Saguenéens zone.
19:41 of 3rd period - Slapshot by Ryan Nugent-Hopkins.
19:41 of 3rd period - Stopped by Mike Smith with a rebound.
Goals for this period are 2 for Saguenéens vs 1 for Thunder.
Shots for this period are 11 for Saguenéens vs 13 for Thunder.
Back to the Top